 Dungeon Crawl Stone Soup version 0.27.0-1-g7a089689b8 (webtiles) character file.

Game seed: 15831420212739837342

295 Crownlay the Cleaver (level 6, -2/51 HPs)
             Began as a Hill Orc Fighter on Aug 13, 2021.
             Slain by a bullfrog (6 damage)
             ... in a sewer.
             The game lasted 00:07:27 (3827 turns).

Crownlay the Cleaver (Hill Orc Fighter)             Turns: 3827, Time: 00:07:28

Health: -2/51      AC:  6    Str: 21    XL:     6   Next: 34%
Magic:  6/6        EV:  9    Int:  8    God:
Gold:   75         SH:  0    Dex: 10    Spells: 5/5 levels left

rFire    . . .     SeeInvis .   a - +0 war axe
rCold    . . .     Faith    .   (no shield)
rNeg     . . .     Spirit   .   b - +0 scale mail
rPois    .         Reflect  .   (no helmet)
rElec    .         Harm     .   (no cloak)
rCorr    .         Rampage  .   (no gloves)
Will     .....                  (no boots)
Stlth    ..........             (no amulet)
HPRegen  0.17/turn              (no ring)
MPRegen  0.10/turn              (no ring)

@: hasted, quick
A: no striking features
a: no special abilities


You were in a sewer.
You visited 1 branch of the dungeon, and saw 3 of its levels.
You also visited: Sewer.

You collected 75 gold pieces.

Inventory:

Hand Weapons
 a - a +0 war axe (weapon)
Armour
 b - a +0 scale mail (worn)
 c - a +0 kite shield
Jewellery
 g - a ring of protection from cold
 k - an amulet of reflection
Wands
 i - a wand of digging (6)
 n - a wand of flame (16)
Scrolls
 h - a scroll of fog
 j - a scroll of identify {unknown}
Potions
 d - a potion of might
 f - a potion of cancellation {unknown}
 l - a potion of haste


   Skills:
 - Level 3.6 Fighting
 + Level 8.6 Axes
 - Level 3.2 Armour
 - Level 3.2 Shields


You had 5 spell levels left.
You didn't know any spells.
Your spell library was empty.

Dungeon Overview and Level Annotations

Branches:
Dungeon (3/15)              Sewer (1/1)

Altars:
Makhleb
Vehumet

Shops:
D:1 [   D:3 *


Message History

You closely miss the bullfrog.
You feel sick. The bullfrog closely misses you. The adder bites you.
* * * LOW HITPOINT WARNING * * *
The bullfrog hits you.
* * * LOW HITPOINT WARNING * * *
It was a potion of heal wounds.
You feel much better.
You feel sick. The adder barely misses you.
An endoplasm comes into view.
The bullfrog hits you.
You feel sick.
You slash the adder!
You kill the adder!
You slash the bullfrog!
You feel sick. The bullfrog hits you.
You feel sick.
You are no longer poisoned.
The bullfrog hits you!
* * * LOW HITPOINT WARNING * * *
The bullfrog hits you.
* * * LOW HITPOINT WARNING * * *
A quokka comes into view.
The quokka moves out of view.
The bullfrog completely misses you. The bullfrog closely misses you.
The bullfrog snags a nearby moth with its tongue.
The bullfrog hits you.
* * * LOW HITPOINT WARNING * * *
The bullfrog misses you.
The bullfrog hits you but does no damage.
The bullfrog snags a nearby centipede with its tongue.
The bullfrog hits you.
* * * LOW HITPOINT WARNING * * *
You see here a quokka corpse.
The bullfrog misses you. The bullfrog barely misses you.
The bullfrog barely misses you.
You enter the shallow water.
Moving in this stuff is going to be slow.
The bullfrog hits you but does no damage.
You enter the shallow water.
Moving in this stuff is going to be slow.
The bullfrog hits you.
You die...

≈≈≈≈≈≈≈≈≈≈≈≈.†≈≈≈####
≈≈.≈#########≈≈.≈≈≈.##
≈####≈≈≈≈≈≈≈####.≈≈≈≈##
##≈≈≈≈≈÷÷.≈≈≈≈÷###≈≈≈≈##
≈≈.≈≈#######÷≈≈≈≈##≈≈≈≈#
≈≈≈### ###≈≈.≈##≈≈≈##
≈≈## ##..≈≈#≈≈≈≈# ≈##
##≈≈≈##≈.≈# ≈#
#@≈≈≈#≈≈≈# ≈# #F≈≈≈#≈≈≈#
≈# #≈F≈≈#≈≈≈# .#
##.≈≈##≈≈≈# ≈#
##..≈≈#≈≈.≈# †##≈
###≈≈≈≈##≈≈.##
..#≈≈#######≈r≈≈.##≈.≈≈#
.≈##≈..≈≈≈≈J≈≈≈###†≈≈≈##
≈≈.#..≈≈≈≈≈J####≈.†≈≈##


You could see 2 bullfrogs.

Vanquished Creatures
  Natasha (thrice) (D:2)
  A gnoll (D:1)
  11 adders
  A worm (D:2)
  A dart slug (D:1)
  An orc (D:3)
  17 endoplasms
  9 giant cockroaches
  5 goblins
  A hobgoblin (D:1)
  7 jackals
  2 kobolds (D:3)
  9 quokkas
  16 ball pythons
  5 bats
  8 frilled lizards
  4 rats
101 creatures vanquished.

Vanquished Creatures (others)
  12 plants
12 creatures vanquished.

Grand Total: 113 creatures vanquished

Notes
Turn   | Place    | Note
-------+----------+-------------------------------------------
     0 | D:1      | Crownlay the Hill Orc Fighter began the quest for the Orb.
     0 | D:1      | Reached XP level 1. HP: 19/19 MP: 1/1
    26 | D:1      | Reached skill level 3 in Axes
    26 | D:1      | Reached XP level 2. HP: 26/26 MP: 2/2
    41 | D:1      | Reached skill level 4 in Axes
   524 | D:1      | Found Fauz's Antique Armour Shoppe.
   608 | D:1      | Reached XP level 3. HP: 28/31 MP: 3/3
   721 | D:1      | Found a faded altar of an unknown god.
   934 | D:2      | Reached skill level 5 in Axes
  1526 | D:2      | Noticed Natasha
  1538 | D:2      | Killed Natasha
  1539 | D:2      | Reached XP level 4. HP: 24/39 MP: 4/4
  1883 | D:2      | Reached skill level 6 in Axes
  2026 | D:2      | Noticed Natasha
  2032 | D:2      | Killed Natasha
  2135 | D:2      | Noticed Natasha
  2143 | D:2      | Killed Natasha
  2144 | D:2      | Reached XP level 5. HP: 31/45 MP: 5/5
  2242 | D:3      | Found a burning altar of Makhleb.
  2360 | D:3      | Found a radiant altar of Vehumet.
  2434 | D:3      | Reached skill level 7 in Axes
  2452 | D:3      | Found Zynuohul's General Store.
  2592 | D:3      | Found a glowing drain.
  2619 | Sewer    | Entered a sewer
  3295 | Sewer    | Reached skill level 8 in Axes
  3295 | Sewer    | Reached XP level 6. HP: 49/51 MP: 6/6
  3827 | Sewer    | Slain by a bullfrog

Illustrated notes

Levels and vault maps discovered:
D:1:      mrwooster_arrival_statue_2, layout_loops_ring, serial_shops,
          nicolae_shop_overgrown_old_shop,
          hellmonk_ecumenical_altar_inner_sanctum
D:2:      layout_basic, serial_bayou_lake_a, uniq_natasha
D:3:      layout_basic, nemelex_spade_bored_becter, overflow_temple_1_default,
          mainiacjoe_overflow_boulevard, cheibrodos_sewer_entry_drain,
          serial_shops, shop, chequers_serial_rivers_large_a
Sewer:    sewer_frog_island_02

Skill      XL: |  1  2  3  4  5 |
---------------+----------------+-----
Axes           | 3 4 5 6 8 |  8.6
Fighting       | |  3.6
Armour         | |  3.2
Shields        | |  3.2

Action                   |  1- 3 |  4- 6 || total
-------------------------+-------+-------++-------
Melee: War axe           |    84 |   263 ||   347
  Use: Scroll            |       |     2 ||     2
       Potion            |       |     5 ||     5
Armor: Scale mail        |    47 |   164 ||   211
Dodge: Dodged            |    50 |   156 ||   206
Block: Kite shield       |    16 |       ||    16
